Map: Efflorescence LE

Players

Duffman - Winner!

  • Race: Terran Terran
  • Spawn Location: 6:00

Ivadios - Winner!

  • Race: Protoss Protoss
  • League: Bronze
  • Spawn Location: 9:00

BigPlane

  • Race: Zerg Zerg
  • Spawn Location: 12:00

keren

  • Race: Terran Terran
  • Spawn Location: 3:00

VOD

Have the link to the VOD?

Description

Time

  • Played on: June 3, 2020, 2:30 p.m.
  • Length: 18:31
Show
View Real Time Build Order
Export as new Build Order

Duffman Terran - Winner!

Build Orders:  

Get SALT Encoding   

  12  0:01  SCV  
  13  0:14  SCV  
  14  0:19  Supply Depot  
  14  0:26  SCV  
  15  0:29  Refinery  
  15  0:43  Barracks  
  15  0:47  SCV  
  16  0:59  SCV  
  17  1:11  SCV  
  17  1:17  Supply Depot  
  18  1:23  SCV  
  20  1:34  Reaper  
  20  1:36  Orbital Command  
  20  2:04  SCV  
  21  2:15  Factory  
  21  2:16  Barracks Reactor  
  21  2:22  Refinery  
  21  2:24  SCV  
  22  2:48  SCV  
  23  3:01  SCV  
  23  3:17  Factory Tech Lab  
  23  3:18  Marine x2  
  25  3:32  Command Center  
  25  3:35  Barracks  
  25  3:38  Barracks, Starport  
  25  3:43  Marine x2  
  25  3:46  Siege Tank  
  30  3:49  SCV  
  31  4:11  Supply Depot  
  31  4:12  Supply Depot  
  31  4:15  Supply Depot  
  31  4:17  Starport Reactor  
  31  4:27  Engineering Bay  
  31  4:32  Marine x2  
  31  4:33  SCV, Siege Tank  
  37  4:45  SCV  
  38  4:47  Barracks Reactor, Barracks Tech Lab  
  38  4:53  Marine x2  
  38  4:55  Medivac x2  
  44  5:16  Terran Infantry Weapons Level 1  
  44  5:17  Bunker  
  44  5:18  Engineering Bay  
  44  5:19  Supply Depot  
  44  5:22  Missile Turret  
  44  5:25  Missile Turret  
  44  5:26  SCV  
  44  5:27  Orbital Command  
  45  5:33  Marine  
  46  5:38  SCV  
  46  5:39  Stimpack  
  47  5:48  Terran Infantry Armor Level 1  
  47  6:01  SCV x2  
  49  6:11  Marine  
  49  6:12  Marine x2  
  49  6:13  SCV, Marine, Marauder  
  49  6:14  SCV  
  49  6:16  Medivac  
  59  6:19  Medivac  
  61  6:36  SCV x2  
  63  6:41  Marine x3, Refinery  
  63  6:42  Marine  
  63  6:43  Refinery, Marauder  
  63  6:44  Siege Tank  
  72  7:09  SCV x2  
  74  7:19  Supply Depot  
  74  7:21  SCV x2, Armory  
  74  7:22  Supply Depot  
  76  7:24  Supply Depot  
  76  7:29  Marine x2  
  78  7:41  Siege Tank, Marine x2, Medivac  
  78  7:44  Marauder  
  87  7:46  Marine x2  
  87  7:51  SCV x2  
  91  7:57  Combat Shield  
  91  7:59  Marine x2  
  91  8:03  SCV x2  
  95  8:14  Terran Infantry Armor Level 2  
  95  8:15  SCV x2  
  95  8:19  Marine x5  
  99  8:23  Terran Infantry Weapons Level 2  
  102  8:33  Siege Tank  
  105  8:37  Marine x4  
  109  8:55  Marine  
  110  9:15  Concussive Shells  
  110  9:21  Supply Depot  
  110  9:22  Supply Depot  
  110  9:32  Barracks, Command Center  
  110  9:33  Barracks x2  
  110  9:42  Marine x4, Marauder  
  116  10:00  Marine x2  
  116  10:01  Marine x2  
  116  10:04  Siege Tank, Marauder  
  125  10:18  Marine  
  126  10:22  Medivac  
  126  10:23  Medivac  
  87  11:01  Orbital Command  
  87  11:04  Marine x3  
  87  11:05  Marine  
  87  11:06  Barracks Reactor x3  
  91  11:13  Refinery  
  91  11:18  Terran Infantry Armor Level 3, Terran Infantry Weapons Level 3  
  91  11:20  Siege Tank  
  94  11:26  Medivac x2  
  94  11:29  Refinery  
  94  11:32  Marine x4  
  99  11:33  Marine  
  103  11:43  SCV x3  
  106  11:50  Supply Depot x3  
  106  11:52  Siege Tank  
  109  11:55  SCV x3, Marine  
  109  11:56  Marine x6  
  109  11:57  Factory, Marine  
  120  12:07  SCV x3  
  123  12:19  SCV x2  
  125  12:47  SCV  
  125  12:48  SCV x2  
  125  12:49  Marine x3  
  125  12:50  Marine x8  
  139  12:54  Siege Tank  
  139  12:56  Factory Tech Lab  
  142  12:59  SCV  
  142  13:00  SCV x2  
  145  13:08  Marauder  
  147  13:26  Marine x10  
  157  13:29  Marine  
  157  13:31  Terran Vehicle Weapons Level 1  
  158  13:39  Command Center  
  158  13:43  Marine  
  158  13:44  Marine x3  
  162  13:48  Missile Turret  
  162  13:49  Missile Turret x2  
  162  13:50  Marine x3, Command Center  
  165  13:57  Siege Tank x2, Marine x3, Marauder  
  176  14:16  Ghost Academy x2  
  176  14:18  Ghost Academy  
  176  14:19  Ghost Academy  
  176  14:29  Siege Tank  
  179  14:41  Supply Depot  
  179  14:42  Missile Turret, Supply Depot x2  
  179  14:43  Missile Turret x2  
  179  14:44  Missile Turret x2, Supply Depot  
  179  14:47  Siege Tank  
  179  14:48  Missile Turret  
  176  15:01  Siege Tank  
  176  15:03  Personal Cloaking, Enhanced Shockwaves  
  176  15:04  Missile Turret, Nuke x2  
  176  15:05  Missile Turret  
  179  15:07  Missile Turret x2  
  179  15:10  Ghost  
  179  15:12  Marine x8  
  179  15:13  Marine x2  
  191  15:15  Orbital Command  
  191  15:17  Planetary Fortress  
  191  15:19  Siege Tank  
  194  15:24  Refinery  
  194  15:25  Refinery  
  194  15:33  Siege Tank  
  197  15:39  Ghost  
  199  15:49  Neosteel Armor, Hi-Sec Auto Tracking  
  199  15:51  Terran Vehicle Weapons Level 2  
  199  15:53  Marine  
  200  16:21  Nuke  
  200  16:28  Nuke  
  200  16:36  Ghost  
  200  16:39  Marine  
Show
View Real Time Build Order
Export as new Build Order

Ivadios Protoss - Winner!

Build Orders:  

Get SALT Encoding   

  12  0:05  Probe  
  13  0:17  Probe  
  14  0:25  Assimilator  
  14  0:29  Probe  
  15  0:37  Pylon  
  15  0:55  Probe  
  16  1:08  Probe  
  16  1:09  Pylon  
  17  1:19  Gateway  
  17  1:20  Probe  
  18  1:32  Probe (Chrono Boost)  
  19  1:43  Probe (Chrono Boost)  
  20  1:48  Probe (Chrono Boost)  
  21  1:58  Probe  
  22  2:27  Cybernetics Core  
  22  2:31  Assimilator  
  22  2:53  Nexus  
  22  2:59  Assimilator  
  22  3:08  Probe  
  23  3:24  Probe  
  24  3:35  Warp Gate  
  24  3:36  Probe  
  25  3:48  Probe  
  26  3:57  Stargate  
  26  4:00  Probe  
  27  4:12  Probe  
  28  4:23  Zealot  
  30  4:41  Pylon  
  30  4:50  Zealot  
  32  5:17  Zealot  
  34  5:23  Void Ray  
  38  5:42  Stargate  
  38  5:44  Zealot  
  40  5:50  Stargate  
  40  6:06  Void Ray  
  40  6:10  Forge  
  44  6:11  Zealot  
  46  6:25  Protoss Air Weapons Level 1  
  46  6:30  Void Ray  
  50  6:43  Void Ray  
  54  7:02  Photon Cannon  
  54  7:18  Pylon  
  54  7:36  Probe x2  
  56  7:42  Photon Cannon  
  56  7:48  Probe x2  
  58  8:00  Probe  
  59  8:25  Pylon  
  59  8:27  Pylon  
  59  8:30  Pylon  
  59  8:33  Protoss Air Armor Level 1  
  59  8:42  Pylon  
  59  8:44  Pylon  
  59  8:47  Gateway  
  59  8:48  Gateway  
  59  8:51  Gateway  
  59  8:54  Gateway x2  
  59  8:56  Protoss Ground Weapons Level 1  
  59  9:17  Fleet Beacon  
  59  9:30  Robotics Facility  
  59  9:31  Robotics Facility  
  59  9:37  Robotics Facility  
  59  9:47  Void Ray x2  
  67  10:12  Unknown  
  67  10:23  Zealot  
  67  10:25  Zealot x4  
  67  10:26  Zealot  
  56  11:04  Protoss Ground Armor Level 1  
  46  12:37  Observer  
  47  12:51  Carrier  
  53  13:13  Protoss Shields Level 1  
  53  13:31  Stalker  
  53  13:32  Stalker x5  
  65  14:26  Probe  
  65  14:27  Probe  
  67  14:38  Probe  
  68  16:06  Carrier x3  
  51  17:10  Carrier  
  51  17:11  Zealot x4  
  51  17:12  Zealot x2  
  69  17:43  Nexus  
  69  17:47  Pylon  
  69  17:50  Pylon  
  69  17:52  Pylon  
  69  17:54  Pylon  
  69  17:56  Pylon  
  69  17:58  Pylon  
  69  18:00  Pylon  
  69  18:02  Pylon  
Show
View Real Time Build Order
Export as new Build Order

BigPlane Zerg 

Build Orders: Hatch First 

Get SALT Encoding   

  12  0:01  Drone  
  13  0:13  Overlord  
  13  0:21  Drone  
  14  0:33  Drone x2  
  16  0:39  Drone  
  17  0:48  Extractor  
  17  0:49  Drone  
  17  1:06  Drone  
  17  1:08  Hatchery  
  17  1:12  Drone  
  18  1:30  Drone x2, Spawning Pool  
  19  1:51  Drone  
  19  1:52  Overlord  
  20  2:09  Drone  
  21  2:16  Queen  
  21  2:18  Metabolic Boost  
  21  2:20  Queen  
  21  2:21  Drone  
  26  2:26  Drone x2  
  28  2:37  Zergling x2  
  28  2:42  Drone  
  30  2:51  Roach Warren  
  30  2:52  Queen  
  31  3:02  Zergling x4  
  33  3:06  Zergling x2  
  33  3:07  Drone  
  33  3:08  Drone  
  36  3:19  Overlord x2  
  36  3:29  Lair  
  36  3:37  Zergling x2  
  36  3:38  Zergling x2  
  36  3:40  Drone x2  
  40  3:52  Drone x3  
  43  3:56  Overlord  
  43  3:57  Roach x2  
  47  4:14  Drone x2  
  47  4:15  Drone x3  
  52  4:19  Roach x4  
  60  4:38  Overlord x2  
  60  4:47  Evolution Chamber  
  59  5:01  Roach  
  59  5:02  Zergling x2  
  59  5:06  Roach x2  
  66  5:09  Glial Reconstitution  
  66  5:14  Zerg Missile Weapons Level 1  
  66  5:16  Drone x2  
  66  5:19  Zergling x4  
  70  5:29  Overlord x2  
  70  5:30  Overlord  
  70  5:31  Roach  
  70  5:32  Roach  
  74  5:52  Drone x2  
  74  5:53  Drone x3  
  74  5:54  Hatchery  
  78  5:59  Drone  
  79  6:05  Roach x3  
  79  6:06  Roach, Zergling x2  
  88  6:13  Extractor  
  88  6:14  Drone  
  88  6:20  Extractor  
  88  6:25  Roach  
  89  6:26  Roach  
  91  6:35  Roach  
  93  6:40  Zergling x4  
  93  6:41  Zergling x6  
  98  6:50  Evolution Chamber  
  97  7:06  Zergling x10  
  97  7:08  Drone  
  103  7:09  Queen  
  103  7:12  Zergling x2  
  106  7:18  Overlord x3  
  106  7:19  Overlord  
  106  7:47  Drone x2  
  106  7:48  Drone  
  109  8:00  Zerg Ground Armor Level 1  
  109  8:01  Zerg Missile Weapons Level 2  
  109  8:06  Zergling x14  
  109  8:07  Zergling x2  
  109  8:09  Overlord  
  109  8:12  Zergling x6  
  120  8:34  Drone x4  
  124  8:43  Spire  
  123  8:49  Zergling x10  
  123  8:50  Overseer  
  123  8:53  Zergling x2  
  129  8:57  Zergling x10  
  129  8:58  Zergling x6  
  129  9:00  Drone x2  
  139  9:06  Zergling x2  
  140  9:15  Baneling Nest  
  139  9:20  Drone  
  139  9:21  Drone  
  141  9:38  Extractor  
  140  9:43  Extractor  
  139  9:46  Extractor  
  131  10:03  Roach  
  131  10:04  Roach x4  
  141  10:12  Roach x2  
  145  10:15  Overlord x2  
  145  10:16  Overlord x4  
  75  10:38  Spore Crawler  
  75  10:41  Spore Crawler  
  57  10:45  Spine Crawler  
  56  10:53  Spore Crawler  
  55  11:18  Spore Crawler x2  
  54  11:20  Burrow  
  54  11:24  Spore Crawler  
  48  11:28  Spore Crawler  
  45  12:18  Roach  
  45  12:19  Mutalisk x2  
  45  12:22  Mutalisk x4  
  51  12:23  Mutalisk x3  
  51  12:24  Roach  
  67  12:31  Queen  
  69  13:00  Hatchery  
  69  13:02  Roach x2  
  69  13:03  Roach  
  74  13:12  Roach  
  78  13:13  Roach x2  
  78  13:17  Roach  
  82  13:27  Roach  
  82  13:31  Drone  
  85  13:43  Mutalisk  
  85  13:46  Roach x4  
  95  13:49  Zerg Ground Armor Level 2  
  95  13:53  Roach x3  
  101  14:11  Mutalisk  
  101  14:14  Zergling x10  
  108  14:18  Drone  
  109  14:33  Zerg Flyer Weapons Level 1  
  109  14:34  Mutalisk  
  109  14:35  Mutalisk  
  109  14:38  Zergling x4  
  115  14:40  Drone x2  
  117  14:55  Mutalisk  
  117  14:58  Overlord x2  
  117  14:59  Roach  
  121  15:01  Roach x2  
  121  15:02  Roach  
  127  15:36  Mutalisk x2  
  127  15:39  Zergling x4  
  127  15:40  Zergling x10  
  138  15:53  Infestation Pit  
  137  15:59  Baneling x2  
  137  16:00  Baneling  
  137  16:06  Baneling  
  137  16:07  Baneling  
  137  16:17  Ravager  
  138  16:19  Zergling x2  
  138  16:20  Zergling x8  
  138  16:23  Zergling x6  
  43  17:13  Roach x3  
  43  17:15  Roach x6  
  61  17:16  Roach  
  52  17:26  Zergling x6  
  52  17:29  Roach  
Show
View Real Time Build Order
Export as new Build Order

keren Terran 

Build Orders:  

Get SALT Encoding   

  12  0:03  SCV  
  13  0:16  SCV  
  14  0:28  Supply Depot  
  14  0:29  SCV  
  15  0:49  SCV  
  16  0:50  Refinery  
  16  0:55  Barracks  
  16  1:01  SCV  
  17  1:13  SCV  
  18  1:26  SCV  
  19  1:38  SCV  
  20  1:49  Supply Depot  
  20  1:50  SCV  
  21  2:03  Command Center  
  21  2:20  Barracks  
  21  2:26  Barracks  
  21  2:27  Barracks Tech Lab  
  21  2:35  Engineering Bay  
  21  2:37  Barracks  
  21  2:45  Orbital Command  
  21  2:55  Marine  
  20  3:13  Marine  
  21  3:28  Barracks Tech Lab  
  21  3:31  Marauder  
  23  3:35  SCV  
  24  3:47  SCV  
  25  3:49  Barracks Reactor  
  25  3:53  SCV, Marauder  
  28  3:59  SCV  
  29  4:05  SCV  
  29  4:07  Stimpack  
  29  4:09  Marine  
  31  4:11  SCV  
  31  4:13  Marine  
  33  4:17  SCV  
  33  4:21  Combat Shield  
  33  4:23  SCV  
  35  4:27  Marine  
  36  4:31  Marine  
  36  4:34  SCV  
  36  4:35  SCV  
  39  4:46  SCV  
  39  4:47  SCV  
  39  4:49  Marine  
  42  4:58  SCV  
  42  4:59  SCV, Terran Infantry Weapons Level 1  
  44  5:01  Marine  
  45  5:07  Marine  
  46  5:24  Refinery  
  46  5:27  Refinery  
  46  5:41  Supply Depot  
  46  5:47  Concussive Shells  
  46  5:53  Refinery  
  46  6:02  SCV x2  
  46  6:03  Marauder  
  50  6:04  Supply Depot  
  50  6:07  Supply Depot  
  50  6:15  SCV x2  
  52  6:24  Marauder  
  54  6:27  SCV x2  
  54  6:28  Supply Depot  
  56  6:39  SCV x2  
  58  6:47  Supply Depot  
  58  6:51  SCV, Supply Depot  
  58  6:53  Marine x2  
  61  7:01  Marauder  
  61  7:02  Marine, Marauder  
  61  7:05  Terran Infantry Armor Level 1  
  66  7:11  Marine x2  
  66  7:15  Factory, Supply Depot  
  68  7:20  Marine  
  69  7:23  Marauder x2  
  69  7:29  Marine x2  
  75  7:38  Marine  
  76  7:44  Marauder x2  
  76  7:46  Marine x2  
  76  7:47  Supply Depot  
  82  7:56  Marine  
  83  8:06  Marauder x2  
  83  8:10  Supply Depot  
  87  8:14  Marine  
  87  8:18  Marine x2  
  90  8:26  Marine  
  91  8:27  Marauder  
  91  8:31  Marine  
  94  8:34  Supply Depot  
  94  8:36  Marine x2  
  94  8:40  Starport  
  96  8:45  Marauder  
  98  8:48  Marauder  
  98  8:49  Marine  
  98  8:53  Marine  
  98  8:54  Marine  
  103  8:58  Supply Depot  
  103  9:03  Command Center  
  103  9:06  Marauder  
  103  9:07  Marine  
  108  9:10  Marauder  
  108  9:12  Reaper x2  
  108  9:14  Ghost Academy  
  110  9:21  Supply Depot  
  110  9:25  Marine  
  110  9:28  Marauder  
  110  9:30  Factory Tech Lab  
  110  9:31  Marine  
  114  9:40  Fusion Core  
  114  9:41  Starport Tech Lab  
  114  9:43  Marine  
  115  9:45  Supply Depot  
  115  9:48  Marine x2  
  115  10:00  Marine  
  115  10:06  Marine x2  
  118  10:12  Siege Tank  
  121  10:18  Marine  
  121  10:19  Banshee  
  114  10:44  Siege Tank  
  109  11:02  Banshee  
  110  11:16  Siege Tank  
  113  11:28  Factory  
  113  11:40  SCV  
  113  11:44  Banshee  
  117  11:48  Siege Tank  
  117  11:52  SCV  
  121  12:04  SCV  
  121  12:16  SCV  
  121  12:20  Siege Tank  
  125  12:28  SCV, Battlecruiser  
  132  12:39  Marine x2  
  132  12:40  SCV  
  135  12:53  SCV  
  135  12:57  Marine x3, Marauder x2  
  143  13:05  SCV  
  144  13:11  Weapon Refit  
  144  13:14  Marine  
  144  13:15  Marine x2  
  144  13:17  SCV  
  144  13:18  Marauder x2  
  152  13:29  SCV  
  152  13:32  Marine x2, Battlecruiser  
  152  13:33  Marine  
  162  13:36  Refinery  
  162  13:39  Marine x2  
  164  13:45  Refinery  
  164  13:50  Marine  
  164  13:54  Armory  
  165  13:57  Marine x2  
  167  14:08  Reaper  
  168  14:14  Ghost x2  
  172  14:36  Battlecruiser  
  178  14:45  Terran Infantry Weapons Level 2  
  178  14:51  Rapid Reignition System  
  170  15:04  Armory  
  170  15:06  Terran Vehicle Weapons Level 1  
  170  15:19  Sensor Tower  
  170  15:40  Battlecruiser  
  176  15:55  Missile Turret  
  176  16:03  Missile Turret  
  176  16:17  Terran Vehicle And Ship Armor Level 1  
  66  17:20  Marauder  
  55  17:41  Marauder  
  53  18:02  Marauder  
Tags
 
Add a new tag
Caveats
  • Supply blocks, unpowered buildings, or Contaminate may cause inaccurate times.
  • Supply counts are checked every 10 seconds.